 Dungeon Crawl Stone Soup version 0.31-a0-1-g4198be8af4 (webtiles) character file.

Game seed: 16547073699962320213

764 123456 the Trooper (level 7, -5/64 HPs)
             Began as a Minotaur Fighter on May 2, 2023.
             Slain by an ogre
             ... wielding a +0 giant club
              (20 damage)
             ... on level 5 of the Dungeon.
             The game lasted 00:04:13 (3492 turns).

123456 the Trooper (Minotaur Fighter)               Turns: 3492, Time: 00:04:14

Health: -5/64      AC:  7    Str: 22    XL:     7   Next: 51%
Magic:  6/6        EV: 10    Int:  5    God:
Gold:   128        SH:  4    Dex: 10    Spells: 6/6 levels left

rFire   + . .        a - +0 flail
rCold   . . .        c - +0 buckler
rNeg    . . .        b - +0 scale mail
rPois   .            (helmet restricted)
rElec   .            n - scarf {repulsion}
rCorr   .            (no gloves)
SInv    .            (no boots)
Will    .....        (no amulet) Stlth
                     o - ring of protection from fire
HPRegen 0.30/turn    (no ring)
MPRegen 0.10/turn

%: repel missiles
@: no status effects
A: horns 2, retaliatory headbutt
a: no special abilities


You were on level 5 of the Dungeon.
You visited 1 branch of the dungeon, and saw 5 of its levels.

You collected 128 gold pieces.

Inventory:

Hand Weapons
 a - a +0 flail (weapon)
 g - a +1 dire flail of holy wrath
Missiles
 p - a throwing net (quivered)
Armour
 b - a +0 scale mail (worn)
 c - a +0 buckler (worn)
 n - a scarf of repulsion (worn)
Jewellery
 o - a ring of protection from fire (left hand)
Scrolls
 e - 2 scrolls of teleportation
 f - a scroll of fog
 l - a scroll of blinking
 r - a scroll of poison
Potions
 d - 2 potions of might
 h - 4 potions of curing
 i - 3 potions of cancellation
 j - a potion of degeneration
 k - a potion of attraction {unknown}
 m - a potion of invisibility {unknown}
 q - 2 potions of flight {unknown}


   Skills:
 * Level 6.7 Fighting
 * Level 6.2 Maces & Flails
 + Level 5.5 Armour
 + Level 3.5 Dodging
 - Level 3.6 Shields


You had 6 spell levels left.
You didn't know any spells.
Your spell library contained the following spells:

 Spells                   Type           Power      Damage    Failure   Level
 Beastly Appendage        Tmut           0%         N/A       85%         1
 Lesser Beckoning         Tloc           0%         N/A       94%         2
 Wereblood                Tmut           0%         N/A       94%         2
 Frozen Ramparts          Ice            0%         1d1       99%         3
 Gell's Gravitas          Tloc           0%         N/A       99%         3
 Spider Form              Tmut/Pois      0%         N/A       99%         3
 Teleport Other           Tloc           0%         N/A       99%         3
 Ice Form                 Ice/Tmut       0%         N/A       100%        4
 Summon Ice Beast         Ice/Summ       0%         N/A       100%        4


Dungeon Overview and Level Annotations

Branches:
Dungeon (5/15)
 Temple: D:4-7

Altars:
Cheibriados
Elyvilon
Nemelex Xobeh
Zin
The Shining One

Shops:
D:3 [   D:4 !


Innate Abilities, Weirdness & Mutations

You have a pair of horns on your head.
You reflexively headbutt those who attack you in melee.


Message History

The adder is almost dead.
You block the adder's attack. x2
An adder is nearby!
You closely miss the adder.
The adder is almost dead.
The adder bites you.
You are poisoned.
The adder poisons you!
An adder is nearby!
You hit the adder. You headbutt the adder.
You kill the adder!
You feel sick.
No target in view!
You feel sick.
You feel sick.
You are no longer poisoned.
Found a glowing silver altar of Zin.
Found a glowing golden altar of the Shining One.
Found a white marble altar of Elyvilon.
s - a scroll labelled TOOGHY INOHIWK
Found 3 stones.
As you read the scroll labelled TOOGHY INOHIWK, it crumbles to dust.
The air around you briefly surges with heat, but it dissipates.
It was a scroll of immolation.
An ogre comes into view. It is wielding a +0 giant club.
The ogre shouts!
Found 12 gold pieces.
The ogre hits you with a +0 giant club!!
You sock the ogre!
The ogre is moderately wounded.
You barely miss the ogre.
The ogre is moderately wounded.
The ogre hits you with a +0 giant club!!
* * * LOW HITPOINT WARNING * * *
You are too injured to fight recklessly!
You are too injured to fight recklessly!
You hit the ogre. You headbutt the ogre.
The ogre is heavily wounded.
The ogre hits you with a +0 giant club!!
You die...

....))........#.....###♣......♣
.....)....#...#.....###.♣.._..♣
#########.#.............♣♣...♣♣
# #.##..###########♣♣♣♣♣ #
#......# # ###....###### #
##+#......# # #......# #..@...#
#.(.O..# #.........#
#.........# ##........#
#........# #.......## #....$#.#


You could see an ogre.

Vanquished Creatures
  Sigmund (D:3)
  A black bear (D:5)
  Blork the orc (D:5)
  A scorpion (D:4)
  2 hounds
  A gnoll bouda (D:5)
  An iron imp (D:3)
  A jelly (D:5)
  An iguana (D:4)
  A sleepcap (D:4)
  An orc wizard (D:4)
  3 gnolls (D:5)
  5 adders
  2 ufetubi (D:4)
  3 dart slugs
  5 orcs
  4 bats
  10 endoplasms
  A giant cockroach (D:3)
  9 hobgoblins
  6 jackals
  3 quokkas
  3 ball pythons (D:1)
  3 frilled lizards
  6 goblins
  9 kobolds
  6 rats
90 creatures vanquished.

Vanquished Creatures (others)
  4 plants (D:4)
4 creatures vanquished.

Grand Total: 94 creatures vanquished

Notes
Turn   | Place    | Note
-------+----------+-------------------------------------------
     0 | D:1      | 123456 the Minotaur Fighter began the quest for the Orb.
     0 | D:1      | Reached XP level 1. HP: 19/19 MP: 0/0
    87 | D:1      | Reached XP level 2. HP: 16/27 MP: 1/1
   196 | D:1      | Reached skill level 1 in Dodging
   334 | D:1      | Reached XP level 3. HP: 32/33 MP: 2/2
   380 | D:1      | Found a faded altar of an unknown god.
   907 | D:2      | Reached XP level 4. HP: 41/41 MP: 3/3
  1361 | D:3      | Found a snail-covered altar of Cheibriados.
  1443 | D:3      | Found a sparkling altar of Nemelex Xobeh.
  1505 | D:3      | Reached XP level 5. HP: 47/47 MP: 4/4
  1588 | D:3      | Found Soxkupniesch's Armour Shop.
  1647 | D:3      | Noticed Sigmund
  1657 | D:3      | Killed Sigmund
  1658 | D:3      | Reached skill level 5 in Fighting
  1658 | D:3      | Reached XP level 6. HP: 30/56 MP: 5/5
  1777 | D:3      | Reached skill level 5 in Maces & Flails
  2070 | D:4      | Reached skill level 5 in Armour
  2486 | D:4      | Found Toifubux's Distillery.
  3111 | D:5      | Entered Level 5 of the Dungeon
  3126 | D:5      | Noticed Blork the orc
  3141 | D:5      | Reached XP level 7. HP: 53/64 MP: 6/6
  3148 | D:5      | Killed Blork the orc
  3459 | D:5      | Found a glowing silver altar of Zin.
  3462 | D:5      | Found a glowing golden altar of the Shining One.
  3463 | D:5      | Found a white marble altar of Elyvilon.
  3492 | D:5      | Slain by an ogre

Illustrated notes

Levels and vault maps discovered:
D:1:      amcnicky_arrival_wind_blow, layout_rooms,
          hellmonk_ecumenical_altar_run_dry
D:2:      layout_loops_ring
D:3:      layout_rooms, slow_altar_1, nemelex_altar_shiori, serial_shops, shop,
          minmay_misc_feat_five, dreamdust_princess_corridor,
          serial_bayou_pond_b, grunt_decor_junction, uniq_sigmund
D:4:      layout_loops_ring, serial_shops, shop, serial_bayou_crossing
D:5:      cheibrodos_two_vegetables, layout_basic, good_gods_temple_1,
          palyth_temple_overflow_mages, kennysheep_little_box,
          cheibrodos_sewer_entry_bend, minmay_joined_circles, uniq_blork_the_orc

Skill      XL: |  1  2  3  4  5  6  7 |
---------------+----------------------+-----
Fighting       | 4 5 6 |  6.7
Dodging        | 1 2 3 |  3.5
Maces & Flails | 3 4 5 6 |  6.2
Armour         | 4 5 |  5.5
Shields        | |  3.6

Action                     |  1- 3 |  4- 6 |  7- 9 || total
---------------------------+-------+-------+-------++-------
  Melee: Flail             |    84 |   103 |    26 ||   213
         Headbutt          |    11 |    13 |     6 ||    30
    Use: Scroll            |       |     7 |     1 ||     8
         Potion            |       |       |     1 ||     1
 Armour: Scale mail        |    41 |    53 |     2 ||    96
  Dodge: Dodged            |    31 |    47 |    10 ||    88
         Repelled          |       |     3 |       ||     3
  Block: Buckler           |    13 |    20 |     6 ||    39

Table legend: (Time is in decaauts)
 A = Elapsed time spent in this place.
 B = Non-inter-level travel time spent in this place.
 C = Inter-level travel time spent in this place.
 D = Time resting spent in this place.
 E = Time spent auto-exploring this place.
 F = Levels seen in this place.
 G = Mean time per level.
                   A        B        C        D        E       F      G
               +--------+--------+--------+--------+--------+-----+--------+
         Total |   3550 |   3463 |     87 |    571 |   2326 |   5 |  710.0 |
       Dungeon |   3550 |   3463 |     87 |    571 |   2326 |   5 |  710.0 |
               +--------+--------+--------+--------+--------+-----+--------+

Top non-repeatable levels by time:
     D:4: 1075 daAuts
     D:2: 829 daAuts
     D:3: 744 daAuts
     D:1: 516 daAuts
     D:5: 385 daAuts
